 Dungeon Crawl Stone Soup version 0.30-a0-782-ge64f9170bb (webtiles) character file.

Game seed: 10193743804388070055

20300 Flugslaktarn the Cleaver (level 12, -37/110 HPs)
             Began as a Minotaur Fighter on Feb 18, 2023.
             Was a High Priest of Okawaru.
             Annihilated by a boulder beetle (66 damage)
             ... on level 2 of the Lair of Beasts.
             The game lasted 00:07:06 (12868 turns).

Flugslaktarn the Cleaver (Minotaur Fighter)        Turns: 12868, Time: 00:07:07

Health: -37/110    AC: 42    Str: 26    XL:     12   Next: 44%
Magic:  2/16       EV:  2    Int:  5    God:    Okawaru [*****.]
Gold:   298        SH:  0    Dex: 10    Spells: 11/11 levels left

rFire   . . .      SeeInvis .    n - +1 war axe (heavy)
rCold   . . .      Faith    +    c - +0 buckler
rNeg    . . .      Spirit   .    P - +0 crystal plate armour
rPois   +          Reflect  .    E - +2 hat
rElec   .          Harm     .    j - +2 cloak
rCorr   .          Rampage  .    m - +3 Mad Mage's Maulers {Infuse+∞ VampMP -Cast}
Will    .....      NoCast   +    b - +2 pair of boots Stlth
                                 v - amulet of Hepliaklqana's Delight {Faith rPois}
HPRegen 0.38/turn                p - +4 ring of protection
MPRegen 0.15/turn                M - +4 ring of protection

@: sleeping
A: horns 2, retaliatory headbutt
a: Renounce Religion, Heroism, Finesse, Duel


You were on level 2 of the Lair of Beasts.
You worshipped Okawaru.
Okawaru was extremely pleased with you.
You visited 3 branches of the dungeon, and saw 14 of its levels.
You also visited: Gauntlet and Ice Cave.

You collected 1258 gold pieces.
You spent 960 gold pieces at shops.

Inventory:

Hand Weapons
 n - a +1 heavy war axe (weapon)
   (Okawaru gifted it to you on level 10 of the Dungeon)
Missiles
 k - 3 throwing nets (quivered)
Armour
 b - a +2 pair of boots (worn)
   (You found it on level 2 of the Dungeon)
 c - a +0 buckler (worn)
 j - a +2 cloak (worn)
   (You found it on level 3 of the Dungeon)
 m - the +3 Mad Mage's Maulers (worn) {Infuse+∞ VampMP -Cast}
   (You bought it in a shop on level 6 of the Dungeon)

   Infuse+∞: It empowers its wearer's blows with all of their magic.
   VampMP:    Blows struck in melee replenish the wearer's magic.
   -Cast:     It prevents spellcasting.
 E - a +2 hat (worn)
   (You found it on level 5 of the Dungeon)
 P - a +0 crystal plate armour (worn)
   (You found it on level 1 of the Lair of Beasts)
Jewellery
 i - a ring of see invisible
   (You took it off an orc on level 7 of the Dungeon)
 p - a +4 ring of protection (left hand)
   (You found it on level 7 of the Dungeon)
 v - the amulet of Hepliaklqana's Delight (around neck) {Faith rPois}
   (You found it in a Gauntlet)

   [amulet of faith]

   It allows you to gain divine favour quickly.
   rPois:     It protects you from poison.
 M - a +4 ring of protection (right hand)
   (You found it on level 8 of the Dungeon)
Wands
 g - a wand of digging (14)
   (You found it on level 3 of the Dungeon)
 O - a wand of mindburst (5)
   (You found it on level 1 of the Lair of Beasts)
Scrolls
 e - 3 scrolls of enchant weapon
 l - 4 scrolls of magic mapping
 r - 5 scrolls of identify
 t - 7 scrolls of teleportation
 x - 4 scrolls of fog
 z - 2 scrolls of blinking
 C - a scroll of immolation
 J - 3 scrolls of silence
 K - 2 scrolls of fear
 L - a scroll of brand weapon
Potions
 a - a potion of magic
 d - 2 potions of might
 f - a potion of berserk rage
 h - 3 potions of haste
 o - 2 potions of flight
 q - 5 potions of curing
 s - a potion of ambrosia {unknown}
 w - 4 potions of heal wounds
 y - 3 potions of lignification
 A - 6 potions of mutation
 I - a potion of brilliance {unknown}
 N - 2 potions of attraction {unknown}


   Skills:
 + Level 11.1 Fighting
 * Level 14.9 Axes
 + Level 11.1 Armour
 + Level 11.2 Shields
 + Level 7.2 Invocations


You had 11 spell levels left.
You didn't know any spells.
Your spell library was empty.

Dungeon Overview and Level Annotations

Branches:
Dungeon (11/15)            Temple (1/1) D:5            Lair (2/5) D:9
    Orc (0/2) D:10          IceCv (visited)         Gauntlet (visited)
  Swamp: Lair:2-3    Shoals: Lair:2-3     Snake: Lair:2-3    Spider: Lair:2-3

Altars:
Ashenzari
Cheibriados
Dithmenos
Elyvilon
Fedhas
Gozag
Hepliaklqana
Kikubaaqudgha
Makhleb
Nemelex Xobeh
Okawaru
Qazlal
Ru
Sif Muna
Trog
Uskayaw
Vehumet
Wu Jian
Xom
Yredelemnul
Zin
The Shining One
Jiyva

Shops:
D:6 [

Annotations:
D:9 1 runed translucent door, triviadave's ghost, novice HOBe
D:10 3 runed translucent doors, NigelTetley's ghost, journeyman DsBe


Innate Abilities, Weirdness & Mutations

You have a pair of horns on your head.
You reflexively headbutt those who attack you in melee.


Message History

The elephant trunk-slaps you but does no damage.
You slash the elephant!
You kill the elephant!
Okawaru accepts your kill.
You hit the elephant but do no damage.
The elephant tramples you but does no damage.
The elephant trunk-slaps you but does no damage.
You slash the elephant! You headbutt the elephant.
The elephant is severely wounded.
The elephant tramples you but does no damage.
The elephant trunk-slaps you but does no damage.
You hit the elephant. You headbutt the elephant.
The elephant is almost dead.
The elephant tramples you.
You stumble backwards!
The elephant tramples you but does no damage.
The elephant barely misses you.
You slash the elephant!
You kill the elephant!
Okawaru accepts your kill.
No target in view!
No target in view!
No target in view!
No target in view!
No target in view!
No target in view!
No target in view!
No target in view!
No target in view!
A boulder beetle comes into view.
A boulder beetle is nearby!
A boulder beetle is nearby!
The boulder beetle curls into a ball and begins rolling!
You enter the shallow water.
Moving in this stuff is going to be slow.
A dream sheep comes into view.
The dream sheep bleats!
The dream sheep ruffles its wool and motes of dream dust sparkle, to no effect.
The boulder beetle hits you but does no damage.
The boulder beetle stops rolling and uncurls.
A dream sheep comes into view.
A torpor snail comes into view.
Being near the torpor snail leaves you feeling lethargic.
The dream sheep bleats!
You slice the boulder beetle!!
The boulder beetle is moderately wounded.
The boulder beetle bites you but does no damage.
A dream sheep comes into view.
The boulder beetle bites you!
The dream sheep shake their wool and sparkle.
You feel drowsy...
You fall asleep.
The dream sheep moves out of view.
The boulder beetle bites you!!!
You wake up.
Ouch! That really hurt!
The dream sheep bleats!
You are too injured to fight recklessly!
You are too injured to fight recklessly!
You are too injured to fight recklessly!
You are too injured to fight recklessly!
Unknown command.
You barely miss the dream sheep. You barely miss the boulder beetle.
The boulder beetle bites you but does no damage.
A dream sheep comes into view.
The dream sheep bites you but does no damage.
The boulder beetle bites you but does no damage.
The dream sheep barely misses you. You furiously retaliate!
You headbutt the dream sheep.
Unknown command.
You closely miss the dream sheep.
The dream sheep is lightly wounded.
You barely miss the boulder beetle.
The dream sheep bleats!
The dream sheep bites you but does no damage.
The boulder beetle leaps!
Unknown command.
You slice the torpor snail!!
You headbutt the torpor snail, but do no damage.
The torpor snail is moderately wounded.
You slice the dream sheep!!
You kill the dream sheep!
Okawaru accepts your kill.
The dream sheep ruffle their wool and motes of dream dust sparkle, to no effect.
The boulder beetle curls into a ball and begins rolling!
The dream sheep ruffle their wool and motes of dream dust sparkle, to no effect.
The torpor snail bites you!
* * * LOW HITPOINT WARNING * * *
You closely miss the dream sheep. Your headbutt misses the dream sheep.
You slice the torpor snail!! The dream sheep barely misses you.
The torpor snail bites you but does no damage.
Unknown command.
You hit the dream sheep but do no damage.
You slash the torpor snail!
You kill the torpor snail!
Okawaru accepts your kill.
You feel yourself speed up. You block the dream sheep's attack.
The dream sheep shake their wool and sparkle.
You feel drowsy...
You fall asleep.
The dream sheep bites you but does no damage.
The boulder beetle hits you!!!
Ouch! That really hurt!
You die...

##..~≈≈≈≈~~≈~~#
#..°~≈≈~~.~≈≈.#####
..°~≈~.<.~≈~......
##°~≈~...≈≈~......
##.°~≈≈~~≈≈≈~......
#..○~~≈~≈~≈≈.......
#..○~.~~~≈~~.....>.
##..B...†~~.........
#..Y@...##..........
##Y?....###.##......
..Y.....##
#..#......
#..#.+.P#.#
#.....>...
#..###.#####
##........ ..# #.
#####.P. . #. ... #.


You could see a boulder beetle (rolling) and 3 dream sheep.

Vanquished Creatures
  A minotaur (Gauntlet)
  A boulder beetle (D:11)
  A two-headed ogre (D:10)
  A fire crab (Gauntlet)
  2 cyclopes (D:10)
  8 elephants
  2 gargoyles
  2 cane toads (Lair:1)
  A torpor snail (Lair:2)
  A freezing wraith (IceCv)
  2 komodo dragons
  2 ice devils (Lair:1)
  A hornet (D:7)
  A dream sheep (Lair:2)
  A raiju (Gauntlet)
  Sigmund (D:3)
  A shadow (D:10)
  4 flying skulls (Gauntlet)
  A vampire (D:9)
  4 wyverns
  22 yaks
  4 basilisks
  2 fire bats (Gauntlet)
  2 wraiths
  4 steam dragons
  3 vampire mosquitoes (D:11)
  Edmund (D:4)
  A harpy simulacrum (IceCv)
  A two-headed ogre zombie (D:10)
  An acid dragon (D:11)
  A water moccasin (D:9)
  A black bear (D:5)
  Duvessa (D:5)
  4 orc warriors
  5 centaurs
  2 ogres (D:5)
  2 phantoms
  3 kobold brigands
  6 bullfrogs
  2 necrophages
  2 scorpions
  3 cane toad simulacra (IceCv)
  3 wights (D:9)
  Dowan (D:5)
  2 elephant simulacra (IceCv)
  2 troll zombies (D:10)
  11 howler monkeys
  6 hounds
  5 jellies
  3 orc priests
  4 gnoll boudas
  2 iguanas (D:6)
  Ijyb (D:5)
  8 orc wizards
  Natasha (thrice) (D:3)
  5 ogre zombies (D:10)
  4 adders
  14 gnolls
  2 shadow imps (D:6)
  3 white imps
  2 worms (D:2)
  3 dart slugs
  35 orcs
  6 ball pythons
  7 endoplasms
  A giant cockroach (D:1)
  4 goblins
  9 hobgoblins
  18 kobolds
  6 quokkas
  5 bats
  2 frilled lizards
  A goblin skeleton (D:10)
  5 goblin zombies (D:10)
  2 hobgoblin skeletons (D:10)
  4 hobgoblin zombies (D:10)
  An orc skeleton (D:10)
  12 orc zombies (D:10)
  7 rats
320 creatures vanquished.

Vanquished Creatures (others)
  2 fungi
  6 plants
  2 withered plants (D:9)
10 creatures vanquished.

Grand Total: 330 creatures vanquished

Notes
Turn   | Place    | Note
-------+----------+-------------------------------------------
     0 | D:1      | Flugslaktarn the Minotaur Fighter began the quest for the
                  | Orb.
     0 | D:1      | Reached XP level 1. HP: 19/19 MP: 0/0
   192 | D:1      | Reached XP level 2. HP: 27/27 MP: 1/1
   220 | D:1      | Reached skill level 3 in Axes
   428 | D:1      | Reached XP level 3. HP: 33/33 MP: 2/2
  1565 | D:3      | Noticed Sigmund
  1578 | D:3      | Killed Sigmund
  1579 | D:3      | Reached skill level 4 in Axes
  1579 | D:3      | Reached XP level 4. HP: 31/41 MP: 3/3
  1579 | D:3      | Reached XP level 5. HP: 36/47 MP: 4/4
  1722 | D:3      | Noticed Natasha
  1729 | D:3      | Killed Natasha
  1730 | D:3      | Reached skill level 5 in Axes
  1992 | D:3      | Noticed Natasha
  1995 | D:3      | Killed Natasha
  1996 | D:3      | Reached XP level 6. HP: 55/55 MP: 5/5
  2278 | D:3      | Noticed Natasha
  2286 | D:3      | Killed Natasha
  2287 | D:3      | Reached skill level 5 in Shields
  2458 | D:4      | Identified the +7 mace of Unpleasantness {freeze, Int+2
                  | Dex+4}
  2494 | D:4      | Reached skill level 5 in Fighting
  2494 | D:4      | Reached skill level 5 in Armour
  2824 | D:4      | Found a glowing silver altar of Zin.
  3020 | D:4      | Reached skill level 6 in Axes
  3023 | D:4      | Reached XP level 7. HP: 35/61 MP: 6/6
  3188 | D:4      | Noticed Edmund
  3203 | D:4      | Killed Edmund
  3345 | D:5      | Entered Level 5 of the Dungeon
  3472 | D:5      | Noticed Ijyb
  3485 | D:5      | Killed Ijyb
  3513 | D:5      | Reached skill level 7 in Axes
  3572 | D:5      | Reached XP level 8. HP: 36/70 MP: 7/7
  3731 | D:5      | Noticed Dowan
  3732 | D:5      | Noticed Duvessa
  3742 | D:5      | Killed Duvessa
  3743 | D:5      | Reached skill level 8 in Axes
  3752 | D:5      | Killed Dowan
  4121 | D:5      | Found a staircase to the Ecumenical Temple.
  4326 | Temple   | Entered the Ecumenical Temple
  4505 | Temple   | Became a worshipper of Warmaster Okawaru
  4806 | D:6      | Found Zeraar's Antique Armour Boutique.
  5046 | D:6      | Reached skill level 9 in Axes
  5094 | D:6      | Reached skill level 1 in Invocations
  5178 | D:6      | Reached XP level 9. HP: 79/79 MP: 8/8
  5800 | D:7      | Identified the amulet "Vylomn" {Spirit Dex+3}
  6054 | D:7      | Paralysed by a hornet for 1 turns
  6059 | D:7      | Reached * piety under Okawaru
  6201 | D:7      | Identified the +6 falchion "Deurue" {elec, +Blink rF+ SInv}
  6231 | D:7      | Reached skill level 10 in Axes
  6869 | D:8      | Reached ** piety under Okawaru
  7125 | D:8      | Reached XP level 10. HP: 89/89 MP: 11/11
  7491 | D:9      | Reached skill level 11 in Axes
  7508 | D:9      | Reached *** piety under Okawaru
  8075 | D:9      | Found a staircase to the Lair.
  8336 | D:9      | Found a runed translucent door.
  8336 | D:9      | Noticed triviadave's ghost (novice HOBe)
  8628 | D:10     | Entered Level 10 of the Dungeon
  8644 | D:10     | Reached **** piety under Okawaru
  8651 | D:10     | Found a staircase to the Orcish Mines.
  8669 | D:10     | Reached skill level 12 in Axes
  8877 | D:10     | Noticed a cyclops
  8881 | D:10     | Noticed a cyclops
  8881 | D:10     | Noticed a two-headed ogre
  8889 | D:10     | Killed a two-headed ogre
  8890 | D:10     | Reached skill level 5 in Invocations
  8903 | D:10     | Killed a cyclops
  8903 | D:10     | Reached ***** piety under Okawaru
  8904 | D:10     | Reached XP level 11. HP: 55/97 MP: 7/13
  8908 | D:10     | Received a gift from Okawaru
  9226 | D:10     | Found a basalt altar of Yredelemnul.
  9226 | D:10     | Found a white marble altar of Elyvilon.
  9227 | D:10     | Found a sacrificial altar of Ru.
  9268 | D:10     | Found a runed translucent gate.
  9268 | D:10     | Found a runed translucent gate.
  9270 | D:10     | Noticed a great orb of eyes
  9272 | D:10     | Found a runed translucent gate.
  9273 | D:10     | Noticed NigelTetley's ghost (journeyman DsBe)
  9319 | D:10     | Found a bloodstained altar of Trog.
  9442 | D:10     | Found a viscous altar of Jiyva.
  9697 | D:11     | Reached skill level 13 in Axes
  9727 | D:11     | Noticed a boulder beetle
 10619 | D:11     | Killed a boulder beetle
 10620 | D:11     | Reached skill level 10 in Fighting
 10620 | D:11     | Reached skill level 10 in Armour
 10620 | D:11     | Reached skill level 10 in Shields
 10699 | Lair:1   | Entered Level 1 of the Lair of Beasts
 10754 | Lair:1   | Found a gate leading to a gauntlet.
 10763 | Gauntlet | Entered a Gauntlet
 10763 | Gauntlet | Found a transporter.
 10763 | Gauntlet | Found a transporter.
 10775 | Gauntlet | Found a transporter.
 10792 | Gauntlet | Noticed a fire crab
 10793 | Gauntlet | Found a transporter.
 10793 | Gauntlet | Found a transporter.
 10793 | Gauntlet | Found a transporter.
 10795 | Gauntlet | Found a transporter.
 10795 | Gauntlet | Found a transporter.
 10808 | Gauntlet | Found a transporter.
 10824 | Gauntlet | Found a transporter.
 10834 | Gauntlet | Found a transporter.
 10836 | Gauntlet | Noticed an entropy weaver
 10848 | Gauntlet | Found a transporter.
 10882 | Gauntlet | Found a transporter.
 10895 | Gauntlet | Found a transporter.
 11005 | Gauntlet | Killed a fire crab
 11055 | Gauntlet | Identified the amulet of Hepliaklqana's Delight {Faith
                  | rPois}
 11147 | Gauntlet | Identified the +1 chain mail of Fun and Games {rElec rC+}
 11147 | Gauntlet | Noticed a minotaur
 11154 | Gauntlet | Killed a minotaur
 11160 | Gauntlet | Identified the +3 morningstar of Aduy {elec, Str+2}
 11180 | Lair:1   | Reached skill level 14 in Axes
 11212 | Lair:1   | Found a frozen archway.
 11215 | Lair:1   | Identified the +1 buckler "Nihosh" {Harm +Inv Str+4 Int+4}
                  | (Okawaru gifted it to you on level 1 of the Lair of Beasts)
 11215 | Lair:1   | Received a gift from Okawaru
 11264 | IceCv    | Entered an ice cave
 11392 | IceCv    | Reached XP level 12. HP: 30/108 MP: 15/15
 12653 | D:6      | Bought the +3 Mad Mage's Maulers {Infuse+∞ VampMP -Cast}
                  | for 960 gold pieces
 12653 | D:6      | Found the +3 Mad Mage's Maulers {Infuse+∞ VampMP -Cast}
 12856 | Lair:2   | Noticed a boulder beetle
 12868 | Lair:2   | Annihilated by a boulder beetle

Illustrated notes

Levels and vault maps discovered:
D:1:      dpeg_arrival_oval, layout_rooms
D:2:      layout_basic, serial_bayou, serial_bayou_pond_c, serial_bayou_shore_a,
          serial_bayou_lake_a, serial_bayou_pond_e, kennysheep_minor_cross,
          minmay_quadrilaterals
D:3:      layout_loops_ring, hex_large, uniq_sigmund, uniq_natasha
D:4:      layout_basic, mainiacjoe_overflow_24_doors, dk_noncrumbling_3,
          uniq_edmund
D:5:      minmay_opposing_rooms, layout_basic, temple_hall, uniq_ijyb,
          uniq_duvessa
D:6:      layout_loops_corners, serial_shops, shop_coins
D:7:      layout_basic, corner_web_ring, minmay_statues_item, minivault_22,
          minmay_tree_intersection
D:8:      layout_rooms
D:9:      layout_basic, erik_lair_dragon, gammafunk_ghost_grave
D:10:     layout_basic, trog_three_pillars_becter,
          gammafunk_temple_overflow_claw, zombieorc2_lemuel,
          gammafunk_ghost_ooze, minmay_checkerbox
D:11:     layout_cave_pods
Temple:   minmay_crystal_spiral_temple
Lair:1:   layout_chaotic_city, gauntlet_entry_generic,
          portal_ice_cave_demonic_guard
Lair:2:   layout_roguey, nicolae_swamp_entry_splash_gauntlet,
          grunt_megastairs_1, infiniplex_staircase_pool_2, serial_bayou_shore_b

Skill      XL: |  1  2  3  4  5  6  7  8  9 10 11 12 |
---------------+-------------------------------------+-----
Axes           | 3 4 5 6 7 9 10 12 14 | 14.9
Shields        | 4 5 6 7 8 9 10 11 | 11.2
Fighting       | 4 5 6 7 8 9 10 11 | 11.1
Armour         | 4 5 6 7 8 9 10 11 | 11.1
Invocations    | 1 3 5 6 7 |  7.2

Action                     |  1- 3 |  4- 6 |  7- 9 | 10-12 || total
---------------------------+-------+-------+-------+-------++-------
  Melee: War axe           |    84 |    59 |   271 |   347 ||   761
         Headbutt          |     6 |     8 |    42 |    65 ||   121
 Invoke: Heroism           |       |       |       |     1 ||     1
         Finesse           |       |       |       |     1 ||     1
    Use: Scroll            |       |    13 |     1 |     6 ||    20
         Potion            |       |     2 |     1 |     2 ||     5
 Armour: Scale mail        |    45 |     1 |       |       ||    46
         Chain mail        |       |    36 |    75 |       ||   111
         Plate armour      |       |       |   105 |   320 ||   425
         Crystal plate arm |       |       |       |    39 ||    39
  Dodge: Dodged            |    39 |    30 |   105 |   115 ||   289
  Block: Buckler           |    17 |     9 |    75 |   121 ||   222

Table legend: (Time is in decaauts)
 A = Elapsed time spent in this place.
 B = Non-inter-level travel time spent in this place.
 C = Inter-level travel time spent in this place.
 D = Time resting spent in this place.
 E = Time spent auto-exploring this place.
 F = Levels seen in this place.
 G = Mean time per level.
                   A        B        C        D        E       F      G
               +--------+--------+--------+--------+--------+-----+--------+
         Total |  13053 |  12024 |   1029 |   1158 |   8917 |  16 |  815.8 |
       Dungeon |  10975 |  10143 |    832 |    542 |   8094 |  11 |  997.7 |
        Temple |    204 |    123 |     81 |      0 |    105 |   1 |  204.0 |
          Lair |   1322 |   1207 |    115 |    417 |    573 |   2 |  661.0 |
      Ice Cave |    146 |    146 |      0 |     89 |      6 |   1 |  146.0 |
      Gauntlet |    404 |    404 |      0 |    110 |    139 |   1 |  404.0 |
               +--------+--------+--------+--------+--------+-----+--------+

Top non-repeatable levels by time:
     D:9: 1485 daAuts
  Lair:1: 1275 daAuts
     D:5: 1257 daAuts
    D:11: 1169 daAuts
     D:6: 1086 daAuts
     D:7: 963 daAuts
     D:2: 954 daAuts
     D:4: 917 daAuts
     D:3: 903 daAuts
    D:10: 859 daAuts
     D:8: 700 daAuts
     D:1: 676 daAuts
Gauntlet: 404 daAuts
  Temple: 204 daAuts
   IceCv: 146 daAuts
